 Dungeon Crawl Stone Soup version 0.28.0 (webtiles) character file.

Game seed: 15972807453252212266

290 crazypyro the Cudgeller (level 6, -5/66 HPs)
             Began as an Ogre Berserker on Feb 10, 2022.
             Was a Believer of Trog.
             Slain by an ogre (19 damage)
             ... on level 4 of the Dungeon.
             The game lasted 00:03:42 (4187 turns).

crazypyro the Cudgeller (Ogre Berserker)            Turns: 4187, Time: 00:03:43

Health: -5/66      AC:  3    Str: 24    XL:     6   Next: 32%
Magic:  6/6        EV: 10    Int:  8    God:    Trog [**....]
Gold:   146        SH:  0    Dex:  8    Spells: 5/5 levels left

rFire   + . .      SeeInvis .   f - +0 flail
rCold   . . .      Faith    .   (no shield)
rNeg    . . .      Spirit   .   b - +0 animal skin
rPois   .          Reflect  .   (helmet restricted)
rElec   .          Harm     .   (no cloak)
rCorr   .          Rampage  .   (gloves unavailable)
Will    .....                   (boots unavailable)
Stlth   +.........              (no amulet)
HPRegen 0.21/turn               h - ring of protection from fire
MPRegen 0.10/turn               (no ring)

@: no status effects
A: large, unfitting armour, tough skin 1
a: Renounce Religion, Berserk, Trog's Hand


You were on level 4 of the Dungeon.
You worshipped Trog.
Trog was pleased with you.
You visited 1 branch of the dungeon, and saw 4 of its levels.

You collected 146 gold pieces.

Inventory:

Hand Weapons
 a - a +0 mace
 f - a +0 flail (weapon)
Armour
 b - a +0 animal skin (worn)
Jewellery
 h - a ring of protection from fire (left hand)
 j - a ring of magical power
Wands
 d - a wand of iceblast (9)
 g - a wand of flame (35)
Scrolls
 i - a scroll of teleportation {unknown}
 k - a scroll of identify {unknown}
Potions
 c - 2 potions of haste
 e - 2 potions of ambrosia {unknown}


   Skills:
 - Level 5.2 Fighting
 * Level 5.3 Maces & Flails
 - Level 3.5 Dodging


You had 5 spell levels left.
You didn't know any spells.
Your spell library was empty.

Dungeon Overview and Level Annotations

Branches:
Dungeon (4/15)             Temple (0/1) D:4

Altars:
Elyvilon
Nemelex Xobeh

Shops:
D:2 *


Innate Abilities, Weirdness & Mutations

You are too large for most types of armour.
You have tough skin. (AC +1)


Message History

You closely miss the orc.
The hobgoblin hits you but does no damage.
The orc misses you.
You hit the orc.
The orc is lightly wounded.
The hobgoblin hits you but does no damage.
The orc barely misses you.
You thump the orc!
You kill the orc!
Trog accepts your kill. The hobgoblin completely misses you.
You hit the hobgoblin.
The hobgoblin is almost dead.
The hobgoblin hits you but does no damage.
You sock the hobgoblin!
You kill the hobgoblin!
Trog accepts your kill.
No target in view!
Things that are here:
a +0 mace; a +0 ring mail An ogre comes into view.
It is wielding a +0 giant club.
The ogre shouts!
An ogre is nearby!
An ogre is nearby!
Found a stone staircase leading down.
You sock the ogre!
The ogre is moderately wounded.
The ogre hits you with a +0 giant club!!
You hit the ogre.
The ogre is heavily wounded.
The ogre hits you with a +0 giant club!
You are too injured to fight recklessly!
You barely miss the ogre.
The ogre is heavily wounded.
The ogre hits you with a +0 giant club!
* * * LOW HITPOINT WARNING * * *
You thump the ogre!
The ogre is almost dead.
The ogre hits you with a +0 giant club!!
You die...

####..... ####.......#
###.........#
##..........####.
#####................
#..###.............#
#...#..........$....
#............##.##...
####...........@.......
#...............O......
##..#...##..............
#..###..................
.#...#..................
..............##........
.#........##...#........
###........... ........>
###)..#.....


You could see an ogre.

Vanquished Creatures
  A scorpion (D:3)
  Natasha (thrice) (D:3)
  A hound skeleton (D:3)
  4 gnolls (D:3)
  5 adders
  An ufetubus (D:4)
  An orc (D:4)
  6 ball pythons
  7 endoplasms
  3 giant cockroaches
  2 goblins
  8 hobgoblins
  3 quokkas
  4 bats
  2 frilled lizards (D:1)
  7 kobolds
  6 rats
64 creatures vanquished.

Vanquished Creatures (others)
  A quokka (D:3)
1 creature vanquished.

Grand Total: 65 creatures vanquished

Notes
Turn   | Place    | Note
-------+----------+-------------------------------------------
     0 | D:1      | crazypyro the Ogre Berserker began the quest for the Orb.
     0 | D:1      | Reached XP level 1. HP: 24/24 MP: 1/1
   307 | D:1      | Reached XP level 2. HP: 30/32 MP: 2/2
   829 | D:1      | Reached ** piety under Trog
   862 | D:1      | Reached XP level 3. HP: 36/40 MP: 3/3
  1753 | D:2      | Found Onwoyjiu's Assorted Antiques.
  2026 | D:3      | Reached XP level 4. HP: 28/49 MP: 4/4
  2170 | D:3      | Reached skill level 5 in Fighting
  2297 | D:3      | Found a sparkling altar of Nemelex Xobeh.
  2602 | D:3      | Found a white marble altar of Elyvilon.
  2782 | D:3      | Reached XP level 5. HP: 29/57 MP: 5/5
  3021 | D:3      | Noticed Natasha
  3058 | D:3      | Killed Natasha
  3394 | D:3      | Noticed Natasha
  3408 | D:3      | Killed Natasha
  3517 | D:3      | Noticed Natasha
  3523 | D:3      | Killed Natasha
  3618 | D:3      | HP: 2/57 [scorpion (8)]
  3623 | D:3      | Reached skill level 5 in Maces & Flails
  3623 | D:3      | Reached XP level 6. HP: 21/66 MP: 6/6
  4086 | D:4      | Found a staircase to the Ecumenical Temple.
  4187 | D:4      | Slain by an ogre

Illustrated notes

Levels and vault maps discovered:
D:1:      matt_arrival_los_fun, layout_loops_ring, minmay_pentomino_s4
D:2:      layout_basic, serial_shops, nicolae_shop_statue_plus
D:3:      layout_basic, mainiacjoe_overflow_small_starburst, elyvilon_altar_4,
          uniq_natasha
D:4:      layout_cave_pools, temple_pool_b

Skill      XL: |  1  2  3  4  5 |
---------------+----------------+-----
Dodging        | 3 |  3.5
Maces & Flails | 3 5 |  5.3
Fighting       | 5 |  5.2

Action                   |  1- 3 |  4- 6 || total
-------------------------+-------+-------++-------
Melee: Mace              |   134 |    16 ||   150
       Punch             |     3 |     4 ||     7
       Flail             |       |   104 ||   104
Invok: Berserk           |       |     3 ||     3
       Trog's Hand       |       |     3 ||     3
  Use: Potion            |     4 |     1 ||     5
       Scroll            |       |     3 ||     3
Armor: Animal skin       |    59 |    46 ||   105
Dodge: Dodged            |    71 |    90 ||   161
